 Dungeon Crawl Stone Soup version 0.27-a0-1232-gc6a4cbde82 (webtiles) character file.

Game seed: 13920414549375199319

99 mordus the Cudgeller (level 4, -3/44 HPs)
             Began as a Troll Monk on June 8, 2021.
             Killed by nerve-wracking pain
             ... invoked by Grinder
              (11 damage)
             ... on level 3 of the Dungeon.
             The game lasted 00:03:04 (1634 turns).

mordus the Cudgeller (Troll Monk)                   Turns: 1634, Time: 00:03:04

Health: -3/44      AC:  4    Str: 19    XL:     4   Next: 45%
Magic:  3/3        EV: 10    Int:  6    God:
Gold:   71         SH:  0    Dex: 13    Spells: 3/3 levels left

rFire    . . .     SeeInvis .   a - +0 mace
rCold    . . .     Faith    .   (no shield)
rNeg     . . .     Spirit   .   b - +0 robe
rPois    .         Reflect  .   (helmet restricted)
rElec    .         Harm     .   (no cloak)
rCorr    .         Rampage  .   (gloves unavailable)
Will     .....                  (boots unavailable)
Stlth    ++........             (no amulet)
HPRegen  1.14/turn              (no ring)
MPRegen  0.08/turn              (no ring)

@: no status effects
A: large, unfitting armour, claws 3, regeneration 1, shaggy fur 1, tough skin 1
a: no special abilities


You were on level 3 of the Dungeon.
You visited 1 branch of the dungeon, and saw 3 of its levels.

You collected 71 gold pieces.

Inventory:

Hand Weapons
 a - a +0 mace (weapon)
Missiles
 h - a throwing net (quivered)
Armour
 b - a +0 robe (worn)
Scrolls
 c - 4 scrolls of identify {unknown}
 g - 2 scrolls of teleportation {unknown}
Potions
 d - 2 potions of haste {unknown}
 e - a potion of might {unknown}
 f - a potion of lignification {unknown}
 i - a potion of ambrosia {unknown}
 j - a potion of curing {unknown}


   Skills:
 - Level 2.4 Fighting
 + Level 4.8 Maces & Flails
 - Level 2.4 Dodging
 - Level 1.0 Stealth


You had 3 spell levels left.
You didn't know any spells.
Your spell library contained the following spells:

 Spells                   Type           Power      Damage    Failure   Level
 Summon Small Mammal      Summ           0%         N/A       45%         1
 Call Imp                 Summ           0%         N/A       58%         2
 Call Canine Familiar     Summ           0%         N/A       83%         3
 Summon Guardian Golem    Hex/Summ       0%         N/A       83%         3
 Summon Ice Beast         Ice/Summ       0%         N/A       99%         4
 Summon Lightning Spire   Summ/Air       0%         N/A       99%         4


Dungeon Overview and Level Annotations

Branches:
Dungeon (3/15)

Altars:
Nemelex Xobeh

Shops:
D:2 =

Annotations:
D:3 Grinder


Innate Abilities, Weirdness & Mutations

You are too large for most types of armour.
You have claws for hands.
Your natural rate of healing is unusually fast.
You are covered in fur. (AC +1)
You have tough skin. (AC +1)


Message History

You sock Grinder!
Grinder is heavily wounded.
Grinder says, "Wait up."
Grinder barely misses you.
You thump Grinder!
Grinder is severely wounded.
Grinder gestures at you.
You suddenly lose the ability to move!
Grinder hits you!
You writhe in agony.
Grinder hits you but does no damage. Grinder hits you but does no damage.
Grinder hits you.
You writhe in agony.
Grinder blinks!
You can move again.
You are too injured to fight recklessly!
You are too injured to fight recklessly!
You are too injured to fight recklessly!
You are too injured to fight recklessly!
Unknown command.
Grinder closely misses you.
You barely miss Grinder.
Grinder is severely wounded.
Grinder closely misses you.
You hit Grinder.
Grinder is severely wounded.
Grinder gestures at you. Pain shoots through your body!
You closely miss Grinder.
Grinder is severely wounded.
Grinder barely misses you.
You hit Grinder but do no damage.
Grinder is severely wounded.
Grinder hits you!
* * * LOW HITPOINT WARNING * * *
You writhe in agony.
* * * LOW HITPOINT WARNING * * *
Unknown command.
Grinder gestures at you. Pain shoots through your body!
You die...

#....#...#..># #......#.....#
######## #..##....#...#.
#......###+...........).
#.............##....#.#.
#................#......
######.......##.#....#.#
#.5..........#.....
#.@........#.#...#.
#######.<........#...#...
#######....................#..#
#.................##........
#.................# ######
#..........########
#..........# #...)......#
#..........#


You could see Grinder.

Vanquished Creatures
  3 gnolls (D:2)
  An adder (D:2)
  A worm (D:2)
  A dart slug (D:1)
  3 ball pythons
  4 bats
  4 endoplasms
  A giant cockroach (D:1)
  5 goblins
  7 hobgoblins
  6 jackals
  5 quokkas
  A frilled lizard (D:1)
  5 kobolds
  A rat (D:1)
48 creatures vanquished.

Vanquished Creatures (others)
  2 plants (D:1)
2 creatures vanquished.

Grand Total: 50 creatures vanquished

Notes
Turn   | Place    | Note
-------+----------+-------------------------------------------
     0 | D:1      | mordus the Troll Monk began the quest for the Orb.
     0 | D:1      | Reached XP level 1. HP: 22/22 MP: 0/0
    47 | D:1      | Reached skill level 3 in Maces & Flails
   100 | D:1      | Reached XP level 2. HP: 29/29 MP: 1/1
   327 | D:1      | Found a faded altar of an unknown god.
   517 | D:1      | Reached XP level 3. HP: 36/36 MP: 2/2
   774 | D:2      | Reached skill level 4 in Maces & Flails
   813 | D:2      | Reached XP level 4. HP: 44/44 MP: 3/3
  1114 | D:2      | Found a sparkling altar of Nemelex Xobeh.
  1322 | D:2      | Found Ijaog's Jewellery Shop.
  1551 | D:3      | Noticed Grinder
  1565 | D:3      | Paralysed by Grinder for 2 turns
  1576 | D:3      | Paralysed by Grinder for 6 turns
  1618 | D:3      | Paralysed by Grinder for 2 turns
  1623 | D:3      | Paralysed by Grinder for 6 turns
  1634 | D:3      | Killed from afar by Grinder

Illustrated notes

Levels and vault maps discovered:
D:1:      minmay_arrival_stair_chambers, layout_rooms, serial_forest,
          infiniplex_forest_lined_3, infiniplex_forest_zigzag_1,
          infiniplex_forest_clump_long, infiniplex_forest_corner_2,
          infiniplex_forest_clump_cross, infiniplex_forest_clump_large,
          infiniplex_forest_lined_2, infiniplex_forest_clump_diagonal,
          infiniplex_forest_clump_small, infiniplex_forest_pool,
          chequers_ecumenical_altar_lobes
D:2:      layout_basic, basic_altar, serial_shops, nicolae_shop_behind_doors
D:3:      layout_basic, hangedman_decor_peaks_small, uniq_natasha, uniq_grinder

Skill      XL: |  1  2  3 |
---------------+----------+-----
Maces & Flails | 3 4 |  4.8
Fighting       | |  2.4
Dodging        | |  2.4
Stealth        | |  1.0

Action                   |  1- 3 |  4- 6 || total
-------------------------+-------+-------++-------
Melee: Mace              |   130 |    77 ||   207
Throw: Throwing net      |       |     2 ||     2
 Stab: Sleeping          |     1 |     2 ||     3
Armor: Robe              |    47 |    26 ||    73
Dodge: Dodged            |   116 |    46 ||   162

Table legend: (Time is in decaauts)
 A = Elapsed time spent in this place.
 B = Non-inter-level travel time spent in this place.
 C = Inter-level travel time spent in this place.
 D = Time resting spent in this place.
 E = Time spent auto-exploring this place.
 F = Levels seen in this place.
 G = Mean time per level.
                   A        B        C        D        E       F      G
               +--------+--------+--------+--------+--------+-----+--------+
         Total |   1677 |   1623 |     54 |     18 |   1137 |   3 |  559.0 |
       Dungeon |   1677 |   1623 |     54 |     18 |   1137 |   3 |  559.0 |
               +--------+--------+--------+--------+--------+-----+--------+

Top non-repeatable levels by time:
     D:1: 786 daAuts
     D:2: 768 daAuts
     D:3: 122 daAuts
